 Dungeon Crawl Stone Soup version 0.31-a0-986-g5e6e4ef867 (webtiles) character file.

Game seed: 18243459852249781028

4788 Skeral the Cleaver (level 10, -3/97 HPs)
             Began as a Hill Orc Gladiator on Nov 22, 2023.
             Was a Priest of Qazlal.
             Slain by a hornet (8 damage)
             ... on level 9 of the Dungeon.
             The game lasted 00:17:26 (8463 turns).

Skeral the Cleaver (Hill Orc Gladiator)             Turns: 8463, Time: 00:17:27

Health: -3/97      AC: 12    Str: 22    XL:     10   Next: 47%
Magic:  4/10       EV: 12    Int:  8    God:    Qazlal [***...]
Gold:   428        SH:  9    Dex: 18    Spells: 9/9 levels left

rFire   . . .        a - +0 war axe
rCold   . . .        f - +0 buckler
rNeg    . . .        b - +0 leather armour
rPois   .            c - +0 helmet
rElec   .            x - +2 cloak {Will+}
rCorr   .            G - +1 pair of gloves
SInv    .            y - +0 pair of boots
Will    +....        T - amulet of faith {!P}
Stlth   +            D - +6 ring of dexterity
HPRegen 0.36/turn    Y - +4 ring of slaying
MPRegen 0.12/turn

%: faith
@: slowed, very slow
A: iridescent scales 1, MP-powered wands
a: Renounce Religion, Upheaval, Elemental Force


You were on level 9 of the Dungeon.
You worshipped Qazlal.
Qazlal was most pleased with you.
You visited 2 branches of the dungeon, and saw 10 of its levels.
You also visited: Ossuary.

You collected 428 gold pieces.


Innate Abilities, Weirdness & Mutations

You are partially covered in iridescent scales. (AC +2)
You expend magic power (3 MP) to strengthen your wands.


   Skills:
 + Level 12.0 Fighting
 + Level 13.4 Axes
 - Level 4.0 Throwing
 - Level 2.4 Dodging
 - Level 4.0 Shields


You had 9 spell levels left.
You didn't know any spells.
Your spell library contained the following spells:

 Spells                   Type           Power      Damage    Failure   Level
 Apportation              Tloc           0%         N/A       52%         1
 Summon Small Mammal      Summ           0%         N/A       52%         1
 Jinxbite                 Hex            0%         N/A       67%         2
 Poisonous Vapours        Pois/Air       0%         N/A       67%         2
 Call Canine Familiar     Summ           0%         N/A       88%         3
 Mephitic Cloud           Conj/Pois/Air  0%         N/A       88%         3
 Summon Guardian Golem    Hex/Summ       0%         N/A       88%         3
 Tukima's Dance           Hex            0%         N/A       88%         3
 Dimensional Bullseye     Hex/Tloc       0%         N/A       99%         4
 Iskenderun's Mystic Bla  Conj/Tloc      0%         2d3       99%         4
 Alistair's Intoxication  Tmut/Pois      0%         N/A       100%        5
 Freezing Cloud           Conj/Ice/Air   0%         6-21      100%        5

Inventory:

Hand Weapons
 a - a +0 war axe (weapon)
 n - the +1 dagger of Superiority {spect, Contam *Slow rCorr Int+8}
   (You took it off a goblin on level 2 of the Dungeon)

   Int+8:     It affects your intelligence (+8).
   Contam:    It causes magical contamination when unequipped.
   rCorr:     It protects you from acid and corrosion.
   *Slow:     It may slow you when you take damage.
Missiles
 d - 3 throwing nets {=f!f}
 e - a javelin
 k - 12 poisoned darts (quivered)
 t - 5 curare-tipped darts {=f}
 B - 5 boomerangs
Armour
 b - a +0 leather armour (worn)
 c - a +0 helmet (worn)
 f - a +0 buckler (worn)
   (You found it on level 6 of the Dungeon)
 x - a +2 cloak of willpower (worn)
   (You took it off Crazy Yiuf on level 4 of the Dungeon)
 y - a +0 pair of boots (worn)
   (You found it on level 8 of the Dungeon)
 G - a +1 pair of gloves (worn)
   (You found it on level 8 of the Dungeon)
Jewellery
 D - a +6 ring of dexterity (left hand)
   (You found it on level 1 of the Dungeon)
 F - a ring of protection from fire
   (You found it on level 6 of the Dungeon)
 T - an amulet of faith (around neck) {!P}
   (You took it off a kobold on level 2 of the Dungeon)
 Y - a +4 ring of slaying (right hand)
   (You found it on level 5 of the Dungeon)
Wands
 J - a wand of roots (7)
   (You found it on level 8 of the Dungeon)
Scrolls
 g - 5 scrolls of blinking {unknown}
 h - 3 scrolls of vulnerability {unknown}
 i - a scroll of brand weapon
 j - a scroll of poison
 m - a scroll of summoning
 p - 4 scrolls of teleportation {unknown}
 q - 4 scrolls of immolation {unknown}
 r - a scroll of fog
 u - a scroll of fear
 w - 3 scrolls of revelation {unknown}
 z - a scroll of silence {!r}
 C - 2 scrolls of torment {unknown}
 E - a scroll of enchant weapon
Potions
 l - 3 potions of mutation {!q}
 o - a potion of lignification {!q}
 s - a potion of ambrosia
 H - a potion of enlightenment
 I - 2 potions of might {unknown}

Dungeon Overview and Level Annotations

Branches:
Dungeon (9/15) Zot: 26944  Temple (1/1) D:7 Zot: 5977    Lair (0/5) D:8
Ossuary (visited)
    Orc: D:9-12

Altars:
Ashenzari
Cheibriados
Dithmenos
Elyvilon
Fedhas
Gozag
Hepliaklqana
Kikubaaqudgha
Makhleb
Nemelex Xobeh
Okawaru
Qazlal
Ru
Sif Muna
Trog
Uskayaw
Vehumet
Wu Jian
Xom
Yredelemnul
Zin
The Shining One

Shops:
D:7 :

Annotations:
D:1 2 transporters
D:5 1 runed translucent door, awesomeguy42's ghost, novice HuNe

..#..
.....
.y..##
.o....
#......
.......
###o......
#@y{......
###{......
##.....
.... #.. #


You could see a hornet and an orc.


Message History

😮 HP[-1]
You take 1 damage, and now have 55/97 hp.
You hit the hornet but do no damage.
You feel sick. The hornet misses you. The hornet stings you.
You feel as though you will be slow longer. 😮 HP[-3]
You take 3 damage, and now have 52/97 hp.
You hit the hornet.
You feel sick.
The hornet stings you but does no damage.
The hornet stings you!
* * * LOW HITPOINT WARNING * * *
You feel as though you will be slow longer. 😨 HP[-9]
You take 9 damage, and now have 43/97 hp.
You hit the hornet but do no damage.
You feel sick. The hornet stings you!
* * * LOW HITPOINT WARNING * * *
You feel as though you will be slow longer.
The hornet stings you but does no damage. 😨 HP[-8]
You take 8 damage, and now have 35/97 hp.
You hit the hornet but do no damage.
You feel sick.
You are no longer poisoned.
The hornet stings you.
* * * LOW HITPOINT WARNING * * *
You feel as though you will be slow longer.
You block the hornet's attack. 😨 HP[-5]
You take 5 damage, and now have 30/97 hp.
You feel much better. The hornet stings you.
* * * LOW HITPOINT WARNING * * *
You suddenly lose the ability to move!
The hornet stings you!
* * * LOW HITPOINT WARNING * * *
You are poisoned.
You feel as though you will be slow longer.
You feel sick.
The hornet stings you but does no damage.
You can move again.
You barely miss the hornet.
You feel sick. You block the hornet's attack.
The hornet closely misses you. 😨 HP[-1]
You take 1 damage, and now have 29/97 hp.
You hit the hornet.
You feel sick. The hornet closely misses you.
The hornet stings you but does no damage. 😨 HP[-2]
You take 2 damage, and now have 27/97 hp.
You barely miss the hornet.
You feel sick. You block the hornet's attack.
The hornet stings you but does no damage.
The hornet stings you!
* * * LOW HITPOINT WARNING * * *
You feel as though you will be slow longer. 😱 HP[-13]
You take 13 damage, and now have 14/97 hp.
Unknown command.
You feel better. You block the hornet's attack. The hornet stings you!
* * * LOW HITPOINT WARNING * * *
You feel as though you will be slow longer. 😱 HP[-6]
You take 6 damage, and now have 8/97 hp.
Unknown command.
Aiming: Upheaval
Press: ? - help, Dir - move target, f - orc
Aim: an orc, wielding a +0 whip and wearing a +0 scale mail A blizzard blasts the area with ice!
The blast of ice hits the orc!
You kill the orc!
Qazlal accepts your kill. You block the hornet's attack.
The hornet stings you but does no damage. 😱 HP[+1] MP[-3]
You lost 3 mp, and now have 7/10 mp.
Aiming: Upheaval
Press: ? - help, Dir - move target, f - orc
Aim: an orc, wielding a +0 dagger and wearing a +0 scale mail Magma suddenly erupts from the ground!
The blast of magma engulfs the orc!
You kill the orc!
Qazlal accepts your kill. The hornet stings you.
* * * LOW HITPOINT WARNING * * *
You feel as though you will be slow longer.
The hornet closely misses you.
The orc wizard mumbles some strange words.
The orc wizard flickers and vanishes! 😱 HP[-5] MP[-3]
You take 5 damage, and now have 4/97 hp.
You lost 3 mp, and now have 4/10 mp.
Aiming: Upheaval
Press: ? - help, Dir - move target, f - orc
Aim: an orc, wielding a +0 flail and wearing a +0 leather armour You fail to use your ability.
The hornet closely misses you.
You block the hornet's attack. x2 😱 HP[+1]
Okay, then.
Press: ? - help, v - describe, . - travel, g - get item
Here: a hornet (severely wounded)
Items here: ††††††.
A stone staircase leading up.
Unknown command.
You hit the hornet. The hornet stings you!
You die...

Skill      XL: |  1  2  3  4  5  6  7  8  9 10 |
---------------+-------------------------------+-----
Fighting       | 3 4 5 6 9 11 12 | 12.0
Axes           | 5 6 7 8 10 12 13 | 13.4
Throwing       | 2 3 4 |  4.0
Shields        | 1 4 |  4.0
Dodging        | |  2.4

Action                     |  1- 3 |  4- 6 |  7- 9 | 10-12 || total
---------------------------+-------+-------+-------+-------++-------
  Melee: War axe           |    76 |   103 |   254 |   177 ||   610
         Punch             |       |       |     2 |       ||     2
  Throw: Dart              |       |     3 |     8 |       ||    11
 Invoke: Upheaval          |       |       |       |     2 ||     2
    Use: Potion            |       |     3 |       |     2 ||     5
         Scroll            |       |       |     5 |     6 ||    11
   Stab: Sleeping          |       |     1 |       |       ||     1
 Armour: Leather armour    |    48 |    74 |   195 |    80 ||   397
  Dodge: Dodged            |    61 |    70 |   153 |    76 ||   360
  Block: Buckler           |       |       |    25 |    66 ||    91

Levels and vault maps discovered:
D:1:      spicycebolla_arrival_transporter_tutorial, layout_loops_corners,
          kennysheep_doodads
D:2:      layout_basic, nicolae_wormholes
D:3:      layout_basic, nicolae_elyvilon_temple_path
D:4:      layout_basic, uniq_crazy_yiuf_cottage
D:5:      layout_rooms, lemuel_crystal_altar, nicolae_overflow_hidden_temple,
          hellmonk_ghost_happy_afterlife, uniq_duvessa
D:6:      layout_rooms, lemuel_coloured_pillars_altar
D:7:      layout_rooms, old_standard_altar, nzn_wu_jian_contemplation,
          minmay_temple_entry_nine_rooms, nicolae_shop_self_help
D:8:      layout_basic, mainiacjoe_overflow_alcove_1,
          due_lair_maze_entry_diamond, nicolae_ossuary_entry_monument,
          uniq_grum, uniq_psyche
D:9:      layout_cave_pools, serial_shops, shop
Temple:   nicolae_temple_no_exploring_needed

Notes
Turn   | Place    | Note
-------+----------+-------------------------------------------
     0 | D:1      | Skeral the Hill Orc Gladiator began the quest for the Orb.
     0 | D:1      | Reached XP level 1. HP: 18/18 MP: 1/1
     0 | D:1      | magus.rc [v1.10.3]
   106 | D:1      | Reached XP level 2. HP: 24/25 MP: 2/2
   108 | D:1      | Reached skill level 3 in Fighting
   657 | D:1      | Reached XP level 3. HP: 31/31 MP: 3/3
   890 | D:2      | Reached skill level 5 in Axes
  1368 | D:2      | Identified the +1 dagger of Superiority {spect, Contam
                  | *Slow rCorr Int+8}
  1682 | D:3      | Reached XP level 4. HP: 40/40 MP: 4/4
  1817 | D:3      | Reached skill level 4 in Fighting
  2175 | D:3      | Reached skill level 2 in Throwing
  2524 | D:3      | Found a white marble altar of Elyvilon.
  2700 | D:4      | Gained mutation: You are partially covered in iridescent
                  | scales. (AC +2) [potion of mutation]
  2700 | D:4      | Gained mutation: You expend magic power (3 MP) to
                  | strengthen your wands. [potion of mutation]
  2702 | D:4      | HP: 10/40 [hound (1)]
  2704 | D:4      | HP: 4/40 [frozen (2)]
  2710 | D:4      | Reached XP level 5. HP: 22/47 MP: 5/5
  3184 | D:4      | Found a runed translucent door.
  3185 | D:4      | Noticed Crazy Yiuf
  3426 | D:4      | Reached skill level 6 in Axes
  3608 | D:5      | Entered Level 5 of the Dungeon
  3716 | D:5      | Reached skill level 5 in Fighting
  3716 | D:5      | Reached XP level 6. HP: 34/56 MP: 6/6
  3719 | D:5      | Reached skill level 3 in Throwing
  3809 | D:5      | Found an iron altar of Okawaru.
  3830 | D:5      | Found a runed translucent door.
  3840 | D:5      | Noticed awesomeguy42's ghost (novice HuNe)
  3962 | D:5      | Reached skill level 7 in Axes
  3962 | D:5      | Reached XP level 7. HP: 55/62 MP: 7/7
  3967 | D:5      | Reached skill level 6 in Fighting
  4085 | D:5      | Reached skill level 4 in Throwing
  4284 | D:5      | Reached skill level 8 in Axes
  4311 | D:5      | You pick up a book of Vapours and begin reading...
  4311 | D:5      | You add the spells Poisonous Vapours, Mephitic Cloud and
                  | Freezing Cloud to your library.
  4334 | D:5      | Noticed Duvessa
  4335 | D:5      | Noticed Dowan
  4452 | D:4      | Killed Crazy Yiuf
  4587 | D:5      | Reached XP level 8. HP: 43/71 MP: 8/8
  4593 | D:5      | Reached skill level 7 in Fighting
  4760 | D:5      | Found a basalt altar of Yredelemnul.
  4947 | D:5      | Killed Dowan
  4962 | D:5      | Killed Duvessa
  5127 | D:5      | Reached skill level 9 in Axes
  5431 | D:6      | Reached skill level 8 in Fighting
  5838 | D:6      | Found a shadowy altar of Dithmenos.
  5882 | D:6      | Reached skill level 10 in Axes
  5972 | D:7      | Reached skill level 1 in Shields
  5975 | D:7      | Reached skill level 9 in Fighting
  5975 | D:7      | Reached XP level 9. HP: 41/83 MP: 9/9
  6178 | D:7      | Reached skill level 2 in Shields
  6377 | D:7      | You pick up a book of Weapons and begin reading...
  6377 | D:7      | You add the spells Tukima's Dance, Dimensional Bullseye and
                  | Iskenderun's Mystic Blast to your library.
  6592 | D:7      | Found an ornate altar of the Wu Jian Council.
  6618 | D:7      | Found a broken altar of Ashenzari.
  6709 | D:7      | Found Duvvo's Self-Improvement Boutique.
  6715 | D:7      | Reached skill level 3 in Shields
  6811 | D:7      | Reached skill level 11 in Axes
  6965 | D:7      | Found a staircase to the Ecumenical Temple.
  6973 | Temple   | Entered the Ecumenical Temple
  6982 | Temple   | Became a worshipper of Qazlal Stormbringer
  7073 | D:8      | Found a sparkling altar of Nemelex Xobeh.
  7156 | D:8      | Noticed Grum
  7172 | D:8      | Reached skill level 10 in Fighting
  7172 | D:8      | Reached skill level 4 in Shields
  7196 | D:8      | Killed Grum
  7206 | D:8      | Reached skill level 12 in Axes
  7241 | D:8      | Noticed Psyche
  7349 | D:8      | Killed Psyche
  7350 | D:8      | Reached skill level 11 in Fighting
  7350 | D:8      | Reached XP level 10. HP: 95/95 MP: 10/10
  7389 | D:8      | Found a sand-covered staircase.
  7398 | Ossuary  | Entered an ossuary
  7418 | Ossuary  | Reached * piety under Qazlal
  7477 | Ossuary  | Reached ** piety under Qazlal
  7676 | Ossuary  | Reached *** piety under Qazlal
  7896 | D:8      | Found a staircase to the Lair.
  7919 | D:8      | Reached skill level 13 in Axes
  7989 | D:8      | Identified the +4 great mace of the Ancients {spect, Will-
                  | Dex+6}
  7996 | D:8      | HP: 21/97 [+4 great mace of the Ancients {spect, Will-
                  | Dex+6}[a centaur] (27)]
  8230 | D:8      | You pick up a book of Party Tricks and begin reading...
  8230 | D:8      | You add the spells Apportation, Jinxbite and Alistair's
                  | Intoxication to your library.
  8394 | D:8      | You pick up a book of Callings and begin reading...
  8394 | D:8      | You add the spells Summon Small Mammal, Call Canine
                  | Familiar and Summon Guardian Golem to your library.
  8439 | D:9      | Reached skill level 12 in Fighting
  8454 | D:9      | Paralysed by a hornet for 2 turns
  8458 | D:9      | HP: 14/97 [hornet (13)]
  8461 | D:9      | HP: 4/97 [hornet (5)]
  8463 | D:9      | Slain by a hornet

Vanquished Creatures
  Psyche (D:8)
  A yak (D:8)
  Grum (D:8)
  Duvessa (D:5)
  5 water moccasins
  5 black bears
  An ice beast (D:7)
  2 sky beasts
  2 centaurs (D:8)
  3 wolves (D:8)
  4 ogres
  A phantom (D:5)
  4 bullfrogs
  4 scorpions
  3 wights (D:8)
  Dowan (D:5)
  16 killer bees
  A howler monkey (D:7)
  3 jellies
  3 hounds
  Crazy Yiuf (D:4)
  4 orc priests
  2 orc wizards
  A sleepcap (D:6)
  A mummy (Ossuary)
  3 gnolls (D:7)
  3 adders
  A shadow imp (D:7)
  2 ufetubi (D:5)
  3 worms
  3 dart slugs
  24 orcs
  6 endoplasms
  2 giant cockroaches (D:2)
  12 gnoll zombies (Ossuary)
  5 hobgoblins
  6 jackals
  5 quokkas
  9 ball pythons
  8 bats
  A bat simulacrum (Ossuary)
  A frilled lizard (D:2)
  3 goblins
  5 goblin simulacra (Ossuary)
  6 goblin zombies (Ossuary)
  6 hobgoblin zombies (Ossuary)
  5 kobolds
  6 kobold simulacra (Ossuary)
  5 kobold zombies (Ossuary)
  An orc zombie (Ossuary)
  6 rats
  4 spectral goblins (Ossuary)
  3 spectral kobolds (Ossuary)
  5 spectral rats (Ossuary)
220 creatures vanquished.

Table legend:
 A = Non-vault XP
 B = Vault XP
 C = Vault XP percentage of total XP
 D = Non-vault monster count
 E = Vault monster count
 F = Vault count percentage of total count
                 A         B        C        D         E       F
            +---------+---------+-------+---------+---------+-------
      Total |    4567 |    2273 |  33.2 |     147 |      73 |  33.2
            +---------+---------+-------+---------+---------+-------
        D:1 |      35 |       0 |   0.0 |      19 |       0 |   0.0
        D:2 |      41 |       5 |  10.9 |      18 |       1 |   5.3
        D:3 |      30 |       0 |   0.0 |      11 |       0 |   0.0
        D:4 |     168 |      46 |  21.5 |      14 |       2 |  12.5
        D:5 |    1029 |     216 |  17.3 |      25 |       2 |   7.4
        D:6 |     632 |       0 |   0.0 |      11 |       0 |   0.0
        D:7 |    1119 |       0 |   0.0 |      28 |       0 |   0.0
        D:8 |     824 |    1927 |  70.0 |       8 |      13 |  61.9
        D:9 |     689 |       0 |   0.0 |      13 |       0 |   0.0
    Ossuary |       0 |      79 | 100.0 |       0 |      55 | 100.0
            +---------+---------+-------+---------+---------+-------

Skill      XL: |  1  2  3  4  5  6  7  8  9 10 |
---------------+-------------------------------+-----
Fighting       | 3 4 5 6 9 11 12 | 12.0
Axes           | 5 6 7 8 10 12 13 | 13.4
Throwing       | 2 3 4 |  4.0
Shields        | 1 4 |  4.0
Dodging        | |  2.4

Action                     |  1- 3 |  4- 6 |  7- 9 | 10-12 || total
---------------------------+-------+-------+-------+-------++-------
  Melee: War axe           |    76 |   103 |   254 |   177 ||   610
         Punch             |       |       |     2 |       ||     2
  Throw: Dart              |       |     3 |     8 |       ||    11
 Invoke: Upheaval          |       |       |       |     2 ||     2
    Use: Potion            |       |     3 |       |     2 ||     5
         Scroll            |       |       |     5 |     6 ||    11
   Stab: Sleeping          |       |     1 |       |       ||     1
 Armour: Leather armour    |    48 |    74 |   195 |    80 ||   397
  Dodge: Dodged            |    61 |    70 |   153 |    76 ||   360
  Block: Buckler           |       |       |    25 |    66 ||    91

Illustrated notes

Table legend:
 A = Kills in this place as a percentage of kills in the entire game.
 B = Kills by you in this place as a percentage of kills by you in the entire game.
 C = Kills by friends in this place as a percentage of kills by friends in the entire game.
 D = Other kills in this place as a percentage of other kills in the entire game.
 E = Experience gained in this place as a percentage of experience gained in the entire game.
 F = Experience gained in this place divided by the number of levels of this place that you have seen.
                   A       B       C       D       E      F
               +-------+-------+-------+-------+-------+----------------------
         Total | 100.0 | 100.0 |   N/A |   N/A | 100.0 | 621.8
       Dungeon |  75.0 |  75.0 |   N/A |   N/A |  98.8 | 751.2
       Ossuary |  25.0 |  25.0 |   N/A |   N/A |   1.2 |  79.0
               +-------+-------+-------+-------+-------+----------------------

Table legend: (Time is in decaauts)
 A = Elapsed time spent in this place.
 B = Non-inter-level travel time spent in this place.
 C = Inter-level travel time spent in this place.
 D = Time resting spent in this place.
 E = Time spent auto-exploring this place.
 F = Levels seen in this place.
 G = Mean time per level.
                   A        B        C        D        E       F      G
               +--------+--------+--------+--------+--------+-----+--------+
         Total |   8499 |   8083 |    416 |    416 |   5390 |  11 |  772.6 |
       Dungeon |   8176 |   7767 |    409 |    416 |   5340 |   9 |  908.4 |
        Temple |     22 |     15 |      7 |      0 |      0 |   1 |   22.0 |
       Ossuary |    299 |    299 |      0 |      0 |     50 |   1 |  299.0 |
               +--------+--------+--------+--------+--------+-----+--------+

Top non-repeatable levels by time:
     D:5: 1355 daAuts
     D:4: 1200 daAuts
     D:7: 1188 daAuts
     D:3: 1059 daAuts
     D:8: 967 daAuts
     D:1: 841 daAuts
     D:2: 818 daAuts
     D:6: 691 daAuts
 Ossuary: 299 daAuts
     D:9: 54 daAuts
  Temple: 22 daAuts
